 Dungeon Crawl Stone Soup version 0.17.0-24-gcfadda4 (webtiles) character file.

1220 eNVee the Chucker (level 8, -8/52 HPs)
             Began as a High Elf Hunter on Nov 15, 2015.
             Was an Initiate of Okawaru.
             Mangled by an orc warrior
             ... wielding a +0 dire flail
              (14 damage)
             ... on level 6 of the Dungeon.
             The game lasted 01:57:30 (6228 turns).

eNVee the Chucker (High Elf Hunter)                 Turns: 6228, Time: 01:57:31

Health: -8/52      AC: 14    Str: 12    XL:     8   Next: 23%
Magic:  9/9        EV: 11    Int: 16    God:    Okawaru [......]
Gold:   324        SH:  0    Dex: 16    Spells: 0 memorised, 7 levels left

rFire  . . .     SeeInvis .     h - +1 short sword (elec)
rCold  . . .     Clarity  .     n - +1 chain mail
rNeg   . . .     SustAt   .     (no shield)
rPois  .         Gourm    .     e - +0 helmet
rElec  .         Spirit   .     (no cloak)
rCorr  .         Warding  .     (no gloves)
rMut   .         Stasis   .     (no boots)
MR     .....                    (no amulet)
Stlth  ..........               D - +3 ring of protection
                                d - +4 ring of evasion

@: lethally poisoned (-8 -> -13), not resistant to hostile enchantments,
extremely unstealthy
A: no striking features
a: Renounce Religion


You were on level 6 of the Dungeon.
You worshipped Okawaru.
Okawaru was noncommittal.
You were not hungry.

You visited 2 branches of the dungeon, and saw 7 of its levels.

You collected 324 gold pieces.

Inventory:

Hand Weapons
 h - a +1 short sword of electrocution (weapon)
 i - a +0 flail
 y - a +2 dagger of venom
 H - a +1 dagger of holy wrath
 M - a +0 spear
 N - a +1 dagger of draining
 O - a +0 dagger of venom
Missiles
 a - 9 javelins (quivered)
 K - 3 tomahawks
Armour
 e - a +0 helmet (worn)
 f - a +0 helmet
 n - a +1 chain mail (worn)
Jewellery
 c - an uncursed ring of positive energy
 d - a +4 ring of evasion (left hand)
 o - an uncursed ring of protection from cold
 D - a +3 ring of protection (right hand)
Wands
 z - a wand of frost (25)
Scrolls
 b - a scroll of magic mapping
 g - 2 scrolls of identify
 m - 2 scrolls of blinking
 p - 2 scrolls of recharging
Potions
 k - a potion of might {unknown}
 q - 3 potions of curing
 r - a potion of ambrosia
 u - a potion of poison {unknown}
 B - a potion of mutation {unknown}
Books
 s - a book of Callings

   Spells                             Type                      Level
   a - Summon Small Mammal            Summoning                    1
   b - Call Imp                       Summoning                    2
   c - Call Canine Familiar           Summoning                    3
   d - Summon Guardian Golem          Hexes/Summoning              3
   e - Summon Lightning Spire         Summoning/Air                4
   f - Summon Ice Beast               Ice/Summoning                4
Comestibles
 j - 3 meat rations
 l - a slice of pizza
 x - 3 bread rations
 I - a beef jerky


   Skills:
 + Level 3.2 Fighting
 + Level 3.7 Short Blades
 + Level 7.9 Throwing
 + Level 3.8 Armour
 + Level 3.9 Dodging
 + Level 2.3 Stealth


You had 7 spell levels left.
You didn't know any spells.

Dungeon Overview and Level Annotations

Branches:
Dungeon (6/15)             Temple (1/1) D:5

Altars:
Ashenzari
Cheibriados
Elyvilon
Kikubaaqudgha
Makhleb
Okawaru
Qazlal
Ru
Sif Muna
Trog
Vehumet
Zin
The Shining One

Annotations:
D:6 Dowan, Duvessa


Message History

The troll claws you but does no damage. The troll claws you!
* * * LOW HITPOINT WARNING * * *
Dowan closely misses you.
You climb upwards.
There is a stone staircase leading down here.
Duvessa hits you but does no damage. Dowan hits you but does no damage.
You are poisoned.
You climb downwards.
A jackal and an ice beast come into view.
You feel sick.
The jackal barks!
The jackal bites you but does no damage.
The jackal barely misses you. The orc warrior barely misses you.
There is a stone staircase leading up, spattered with blood here.
You hit the orc warrior but do no damage.
You feel sick. Duvessa hits you but does no damage.
The jackal bites you but does no damage.
Dowan barely misses you.
The orc warrior hits you with a dire flail!
You die...

## .. .# ..
Y.# ...
#####'###...
#..........
#...h....#
#.he.....#
#o@......#
#..e.....#
#........#
#.......##
#######.# .#
#


You could see Duvessa, an orc warrior, an ice beast, Dowan and 2 jackals.

Vanquished Creatures
  2 steam dragons (D:5)
  2 ice beasts (D:5)
  An ogre (D:4)
  3 crimson imps (D:5)
  A giant frog skeleton (D:4)
  7 orc wizards
  A hound (D:5)
  An iguana (D:4)
  A worker ant (D:4)
  3 orc priests
  Robin (D:4)
  7 adders
  A shadow imp (D:5)
  2 oozes (D:3)
  3 worms
  3 giant geckos
  20 orcs
  5 bats
  8 hobgoblins
  2 jackals (D:3)
  4 kobolds
  3 quokkas
  2 ball pythons
  2 giant cockroaches
  A giant cockroach zombie (D:6)
  A giant gecko zombie (D:4)
  6 giant newts
  16 goblins
  A quokka skeleton (D:5)
  A quokka zombie (D:5)
  7 rats
  A fungus (D:5)
  2 plants (D:2)
121 creatures vanquished.

Vanquished Creatures (others)
  A fungus (D:5)
1 creature vanquished.

Grand Total: 122 creatures vanquished

Notes
Turn   | Place    | Note
--------------------------------------------------------------
     0 | D:1      | eNVee the High Elf Hunter began the quest for the Orb.
     0 | D:1      | Reached XP level 1. HP: 14/14 MP: 2/2
    10 | D:1      | Noticed a water moccasin
    10 | D:1      | Noticed a swamp drake
    10 | D:1      | Noticed a polar bear
   499 | D:1      | Reached XP level 2. HP: 19/19 MP: 3/3
   959 | D:2      | Reached XP level 3. HP: 24/24 MP: 4/4
  1011 | D:2      | Found a sacrificial altar of Ru.
  1105 | D:2      | Found a glowing golden altar of the Shining One.
  1946 | D:3      | Reached skill level 5 in Throwing
  1946 | D:3      | Reached skill level 1 in Armour
  1946 | D:3      | Reached XP level 4. HP: 22/29 MP: 5/5
  2043 | D:3      | Reached skill level 1 in Short Blades
  2564 | D:3      | Found a radiant altar of Vehumet.
  2566 | D:3      | Reached XP level 5. HP: 32/34 MP: 6/6
  3012 | D:4      | Reached XP level 6. HP: 39/41 MP: 7/7
  3026 | D:4      | Reached skill level 6 in Throwing
  3142 | D:4      | Noticed an ogre
  3143 | D:4      | Noticed Robin
  3164 | D:4      | Killed an ogre
  3215 | D:4      | Killed Robin
  3563 | D:4      | Found a white marble altar of Elyvilon.
  3721 | D:4      | Found an ancient bone altar of Kikubaaqudgha.
  3787 | D:4      | Found a glowing silver altar of Zin.
  3964 | D:4      | Reached XP level 7. HP: 45/45 MP: 8/8
  4264 | D:5      | Entered Level 5 of the Dungeon
  4943 | D:5      | Reached skill level 7 in Throwing
  5092 | D:5      | Reached XP level 8. HP: 20/52 MP: 9/9
  5419 | D:5      | Found a shattered altar of Ashenzari.
  5531 | D:5      | Found a staircase to the Ecumenical Temple.
  5625 | Temple   | Entered the Ecumenical Temple
  5706 | Temple   | Became a worshipper of Warmaster Okawaru
  6188 | D:6      | Noticed Duvessa
  6188 | D:6      | Noticed Dowan
  6192 | D:6      | Noticed a troll
  6228 | D:6      | Mangled by an orc warrior

Action                   |  1- 3 |  4- 6 |  7- 9 || total
-------------------------+-------+-------+-------++-------
Melee: Short sword       |   105 |   107 |    93 ||   305
Throw: Javelin           |    49 |    37 |    64 ||   150
       Throwing net      |     2 |     1 |       ||     3
       Tomahawk          |       |     3 |       ||     3
  Use: Scroll            |     3 |     6 |     1 ||    10
       Potion            |     2 |     1 |     2 ||     5
 Stab: Held in net/web   |     1 |       |       ||     1
  Eat: Bread ration      |     1 |       |       ||     1
       Pizza             |       |     2 |       ||     2
       Meat ration       |       |     1 |     1 ||     2
       Beef jerky        |       |       |     1 ||     1
